 Dungeon Crawl Stone Soup version 0.19.1 (webtiles) character file.

35 empire the Gusty (level 3, 0/19 HPs)
             Began as a Tengu Air Elementalist on Dec 16, 2016.
             Killed by Freeze
             ... invoked by empire's ghost
              (5 damage)
             ... on level 3 of the Dungeon.
             The game lasted 00:03:49 (1644 turns).

empire the Gusty (Tengu Air Elementalist)           Turns: 1644, Time: 00:03:50

Health: 0/19       AC:  3    Str:  6 (8)  XL:     3   Next: 33%
Magic:  1/7        EV: 11    Int: 13 (16) God:
Gold:   61         SH:  0    Dex: 12 (14) Spells: 2 memorised, 3 levels left

rFire  . . .     SeeInvis .     a - -2 dagger (curse)
rCold  . . .     Gourm    .     m - +0 leather armour
rNeg   . . .     Faith    .     (no shield)
rPois  .         Spirit   .     (helmet restricted)
rElec  .         Reflect  .     (no cloak)
rCorr  .         Harm     .     (no gloves)
MR     .....                    (boots unavailable)
Stlth  ++........               g - amulet of rage
                                (no ring)
                                (no ring)

@: very slightly contaminated
A: beak, talons 3
a: Evoke Berserk Rage


You were on level 3 of the Dungeon.
You were not hungry.

You visited 1 branch of the dungeon, and saw 3 of its levels.

You collected 61 gold pieces.

Inventory:

Hand Weapons
 a - a cursed -2 dagger (weapon)
Missiles
 j - 22 bolts
Armour
 m - a +0 leather armour (worn)
Jewellery
 g - an amulet of rage (around neck)
 k - a +3 ring of dexterity {unknown}
Scrolls
 h - a scroll of fear {unknown}
 l - a scroll of enchant weapon {unknown}
 n - 2 scrolls of remove curse {unknown}
Potions
 e - a potion of curing {unknown}
 f - a potion of mutation {unknown}
 i - a potion of brilliance {unknown}
Books
 b - a book of Air

   Spells                             Type                      Level
   a - Shock                          Conjuration/Air              1
   b - Swiftness                      Charms/Air                   2
   c - Repel Missiles                 Charms/Air                   2
   d - Static Discharge               Conjuration/Air              3
   e - Lightning Bolt                 Conjuration/Air              5
Comestibles
 c - 2 bread rations
 o - a chunk of flesh
 p - a meat ration


   Skills:
 - Level 2.1 Dodging
 - Level 2.0 Stealth
 - Level 2.0 Spellcasting
 * Level 3.1 Conjurations
 * Level 1.0 Charms
 + Level 4.5 Air Magic


You had 3 spell levels left.
You knew the following spells:

 Your Spells              Type           Power        Failure   Level  Hunger
a - Shock                 Conj/Air       ##..         12%         1    ##.....
b - Swiftness             Chrm/Air       #.......     21%         2    ###....


Dungeon Overview and Level Annotations

Branches:
Dungeon (3/15)

Altars:
Yredelemnul

Annotations:
D:2 Sigmund
D:3 Natasha; empire's ghost, weakling DrIE


Innate Abilities, Weirdness & Mutations

You have a beak for a mouth.
You have claws for feet.


Message History

You kill the kobold!
Empire's ghost casts a spell at you.
You are frozen.
* * * LOW HITPOINT WARNING * * *
Casting: Shock
Confirm with . or Enter, or press ? or * to list all spells.
Aiming: Shock
Press: ? - help, Shift-Dir - straight line, f/p - empire's ghost
Aim: empire's ghost (moderately damaged)
The zap hits empire's ghost.
Empire's ghost is moderately damaged.
Empire's ghost gestures at you while chanting.
You are frozen.
* * * LOW HITPOINT WARNING * * *
It was a potion of degeneration.
There was something very wrong with that liquid.
You feel weakened.
You feel dopey.
You feel clumsy.
Empire's ghost gestures at you while chanting.
You are frozen.
You die...

## .........#.)....... #.
##.###.............
##.##......#.#.........
##..#...##....#.........
##.....##...####.........
##...#.#...### .....P.P..
#........### ..##..._..#
..#####.######..# ..P.P.#
#....)...W@..# ......
#.........####
#.........# #.........#
#.........# ###########


You could see empire's ghost.

Vanquished Creatures
  A worm (D:2)
  2 dart slugs
  A ball python (D:2)
  4 bats
  A giant cockroach (D:2)
  4 hobgoblins
  2 jackals (D:1)
  A frilled lizard (D:1)
  2 goblins (D:1)
  7 kobolds
  4 rats
29 creatures vanquished.

Notes
Turn   | Place    | Note
-------+----------+-------------------------------------------
     0 | D:1      | empire the Tengu Air Elementalist began the quest for the Orb.
     0 | D:1      | Reached XP level 1. HP: 10/10 MP: 4/4
   331 | D:1      | Reached XP level 2. HP: 10/15 MP: 0/6
   831 | D:1      | Learned a level 2 spell: Swiftness
  1086 | D:3      | Reached XP level 3. HP: 7/19 MP: 0/7
  1275 | D:3      | Noticed Natasha
  1550 | D:2      | Reached skill level 1 in Charms
  1572 | D:2      | Noticed Sigmund
  1584 | D:3      | Found a basalt altar of Yredelemnul.
  1618 | D:3      | Noticed empire's ghost (weakling DrIE)
  1644 | D:3      | Killed from afar by empire's ghost

Skill      XL: |  1  2  3 |
---------------+----------+-----
Conjurations   | 2 3 |  3.1
Charms         | 1 |  1.0
Dodging        | |  2.1
Stealth        | |  2.0
Spellcasting   | |  2.0
Air Magic      | |  4.5

Action                   || total
-------------------------++-------
Melee: Dagger            ||    24
       Kick              ||     5
       Peck              ||     3
 Cast: Shock             ||    58
  Use: Scroll            ||     1
       Potion            ||     1
 Stab: Sleeping          ||     1
  Eat: Chunk             ||     3
Armor: Robe              ||     6
       Leather armour    ||     5
Dodge: Dodged            ||    30
